 Dungeon Crawl Stone Soup version 0.27.1-34-g3ba077fa99 (webtiles) character file.

Game seed: 1378813237328487543

354 boopmooplesden the Covered (level 6, -5/53 HPs)
             Began as a Minotaur Fighter on Jan 6, 2022.
             Killed by nerve-wracking pain
             ... invoked by Grinder
              (14 damage)
             ... on level 4 of the Dungeon.
             The game lasted 00:04:35 (2701 turns).

boopmooplesden the Covered (Minotaur Fighter)       Turns: 2701, Time: 00:04:35

Health: -5/53      AC: 11    Str: 22    XL:     6   Next: 35%
Magic:  5/5        EV:  6    Int:  6    God:
Gold:   141        SH: 11    Dex: 11    Spells: 5/5 levels left

rFire    . . .     SeeInvis .   f - +0 spear (vorpal)
rCold    . . .     Faith    .   c - +1 kite shield
rNeg     . . .     Spirit   .   q - +0 chain mail
rPois    .         Reflect  .   (helmet restricted)
rElec    .         Harm     .   e - +0 cloak
rCorr    .         Rampage  .   (no gloves)
Will     .....                  (no boots)
Stlth    ..........             (no amulet)
HPRegen  0.17/turn              (no ring)
MPRegen  0.09/turn              (no ring)

@: unable to read
A: horns 2, retaliatory headbutt, agile 1, inability to read while threatened
a: no special abilities


You were on level 4 of the Dungeon.
You visited 1 branch of the dungeon, and saw 4 of its levels.
You also visited: Sewer.

You collected 141 gold pieces.

Inventory:

Hand Weapons
 a - a +0 flail
 f - a +0 vorpal spear (weapon)
 g - a +2 whip of draining
Missiles
 h - 12 poisoned darts (quivered)
Armour
 b - a +0 scale mail
 c - a +1 kite shield (worn)
 e - a +0 cloak (worn)
 j - a +0 tower shield
 q - a +0 chain mail (worn)
Wands
 p - a wand of polymorph (4)
Scrolls
 m - a scroll of identify
 n - a scroll of blinking
 o - a scroll of amnesia
 r - 2 scrolls of noise {unknown}
Potions
 d - a potion of might
 i - 4 potions of flight
 l - a potion of berserk rage {unknown}


   Skills:
 + Level 4.6 Fighting
 + Level 2.6 Maces & Flails
 + Level 3.7 Polearms
 + Level 0.5 Throwing
 + Level 5.3 Armour
 + Level 1.5 Dodging
 + Level 5.2 Shields


You had 5 spell levels left.
You didn't know any spells.
Your spell library contained the following spells:

 Spells                   Type           Power      Damage    Failure   Level
 Beastly Appendage        Tmut           0%         N/A       100%        1
 Sting                    Tmut/Pois      0%         1d3       100%        1
 Wereblood                Tmut           0%         N/A       100%        2
 Spider Form              Tmut/Pois      0%         N/A       100%        3
 Summon Ice Beast         Ice/Summ       0%         N/A       100%        4
 Eringya's Noxious Bog    Tmut/Pois      0%         N/A       100%        6
 Ozocubu's Refrigeration  Ice            0%         4d5       100%        7


Dungeon Overview and Level Annotations

Branches:
Dungeon (4/15)              Sewer (visited)
 Temple: D:4-7

Altars:

Annotations:
D:4 Grinder


Innate Abilities, Weirdness & Mutations

You have a pair of horns on your head.
You reflexively headbutt those who attack you in melee.
You are agile. (Dex +2)
You sometimes lose the ability to read scrolls when taking damage.


Message History

Grinder hits you but does no damage. Grinder barely misses you.
You can read scrolls again.
Grinder hits you but does no damage.
You can move again.
You closely miss Grinder.
Grinder is moderately wounded.
Grinder hits you but does no damage.
You hit Grinder. You headbutt Grinder.
Grinder is moderately wounded.
Grinder blinks!
You hit Grinder.
Grinder is heavily wounded.
Grinder blinks!
You see here 11 gold pieces.
Grinder gestures at you.
You suddenly lose the ability to move!
Grinder hits you.
* * * LOW HITPOINT WARNING * * *
You writhe in agony.
* * * LOW HITPOINT WARNING * * *
You can move again.
You hit Grinder but do no damage. You headbutt Grinder!
Grinder is severely wounded.
Grinder hits you but does no damage.
You hit Grinder but do no damage. You headbutt Grinder.
Grinder is severely wounded.
Grinder barely misses you.
You barely miss Grinder.
Grinder is severely wounded.
Grinder hits you.
You feel threatened and lose the ability to read scrolls!
* * * LOW HITPOINT WARNING * * *
You writhe in agony.
* * * LOW HITPOINT WARNING * * *
You feel better.
Grinder says, "Wait up."
Grinder gestures at you. Pain shoots through your body!
You die...

# #. . #. ##### #.#.#
#...#
#.#.####...##.##. #
#.......)........
##..###...$....###.##
..........@....#
###..##..5.....#
..................
#.#.##..###.......
#.........####..
#....###..### .. .
#....# #.... .#
#.#..# ##.#####..#..
#.#..###............


You could see Grinder.

Vanquished Creatures
  An ogre (D:4)
  A kobold brigand (Sewer)
  An orc priest (D:3)
  An iguana (D:4)
  An orc wizard (D:3)
  A hound skeleton (D:3)
  3 river rats
  2 adders (D:2)
  8 orcs
  3 endoplasms
  2 giant cockroaches
  5 goblins
  7 hobgoblins
  2 jackals (Sewer)
  7 kobolds
  A quokka (D:3)
  7 ball pythons
  2 bats
  A frilled lizard (D:1)
  8 rats
64 creatures vanquished.

Vanquished Creatures (collateral kills)
  An orc (D:3)
1 creature vanquished.

Grand Total: 65 creatures vanquished

Notes
Turn   | Place    | Note
-------+----------+-------------------------------------------
     0 | D:1      | boopmooplesden the Minotaur Fighter began the quest for the
                  | Orb.
     0 | D:1      | Reached XP level 1. HP: 19/19 MP: 0/0
   105 | D:1      | Found a faded altar of an unknown god.
   146 | D:1      | Reached XP level 2. HP: 27/27 MP: 1/1
   719 | D:2      | Reached XP level 3. HP: 29/33 MP: 2/2
  1012 | D:2      | Got the Reference Book on Glacial Poisoning
  1102 | D:2      | Reached skill level 1 in Polearms
  1409 | D:3      | Gained mutation: You sometimes lose the ability to read
                  | scrolls when taking damage. [potion of mutation]
  1409 | D:3      | Gained mutation: You are agile. (Dex +2) [potion of
                  | mutation]
  1672 | D:3      | Reached XP level 4. HP: 40/40 MP: 3/3
  1749 | D:3      | Found a glowing drain.
  1758 | D:3      | Reached skill level 1 in Dodging
  1758 | D:3      | Reached XP level 5. HP: 37/46 MP: 4/4
  1779 | Sewer    | Entered a sewer
  2101 | Sewer    | Found a white marble altar of Elyvilon.
  2222 | D:3      | Reached skill level 5 in Shields
  2595 | D:4      | Noticed an ogre
  2601 | D:4      | Killed an ogre
  2602 | D:4      | Reached skill level 5 in Armour
  2602 | D:4      | Reached XP level 6. HP: 52/53 MP: 5/5
  2661 | D:4      | Noticed Grinder
  2663 | D:4      | Paralysed by Grinder for 7 turns
  2683 | D:4      | Paralysed by Grinder for 5 turns
  2694 | D:4      | Paralysed by Grinder for 4 turns
  2701 | D:4      | Killed from afar by Grinder

Illustrated notes

Levels and vault maps discovered:
D:1:      dpeg_arrival_rhombi, layout_loops_ring, ebering_ecumenical_altar_box,
          minmay_box_of_dots
D:2:      layout_rooms, serial_bayou_pond_c
D:3:      layout_basic, portal_sewer_entry_c, chequers_decorated_corner
D:4:      layout_basic, uniq_grinder

Skill      XL: |  1  2  3  4  5 |
---------------+----------------+-----
Armour         | 4 5 |  5.3
Fighting       | 4 |  4.6
Shields        | 4 5 |  5.2
Polearms       | 1 2 3 |  3.7
Dodging        | 1 |  1.5
Maces & Flails | |  2.6
Throwing       | |  0.5

Action                   |  1- 3 |  4- 6 || total
-------------------------+-------+-------++-------
Melee: Flail             |     6 |       ||     6
       Spear             |    66 |   104 ||   170
       Headbutt          |     9 |    22 ||    31
Throw: Dart              |     6 |     1 ||     7
  Use: Scroll            |     5 |       ||     5
       Potion            |     2 |     2 ||     4
Armor: Scale mail        |    63 |    34 ||    97
       Chain mail        |       |    14 ||    14
Dodge: Dodged            |    39 |    39 ||    78
Block: Kite shield       |    26 |    69 ||    95
